 Dungeon Crawl Stone Soup version 0.30-a0-924-g0ad0bf95bc (webtiles) character file.

Game seed: 17624134407039974326

270 hikkokomori the Shooter (level 6, -1/38 HPs)
             Began as a Kobold Hunter on Mar 23, 2023.
             Slain by a gnoll
             ... wielding a +0 spear
             ... led by a gnoll bouda
              (4 damage)
             ... on level 3 of the Dungeon.
             The game lasted 00:02:38 (3052 turns).

hikkokomori the Shooter (Kobold Hunter)             Turns: 3052, Time: 00:02:39

Health: -1/38      AC:  3    Str:  8    XL:     6   Next: 46%
Magic:  6/6        EV: 16    Int: 10    God:
Gold:   167        SH:  0    Dex: 21    Spells: 5/5 levels left

rFire   . . .      SeeInvis .    a - +0 shortbow
rCold   . . .      Faith    .    (shield currently unavailable)
rNeg    . . .      Spirit   .    c - +0 leather armour
rPois   .          Reflect  .    (no helmet)
rElec   .          Rampage  .    (no cloak)
rCorr   .                        (no gloves)
Will    .....                    (no boots)
Stlth   ++++                     (no amulet)
HPRegen 0.26/turn                (no ring)
MPRegen 0.10/turn                (no ring)

@: weakened
A: small, no large weapons, nightstalker 3
a: no special abilities


You were on level 3 of the Dungeon.
You visited 1 branch of the dungeon, and saw 4 of its levels.

You collected 167 gold pieces.

Inventory:

Hand Weapons
 a - a +0 shortbow (weapon)
Armour
 c - a +0 leather armour (worn)
Scrolls
 b - 2 scrolls of immolation
 e - 2 scrolls of enchant armour {unknown}
 f - 2 scrolls of vulnerability {unknown}
 g - 2 scrolls of teleportation
 l - a scroll of amnesia {unknown}
 m - 2 scrolls of identify {unknown}
 n - a scroll of fear {unknown}
Potions
 d - a potion of lignification {unknown}
 h - 3 potions of curing {unknown}
 i - a potion of resistance {unknown}
 j - a potion of mutation {unknown}
 k - a potion of cancellation {unknown}


   Skills:
 + Level 3.9 Fighting
 + Level 6.6 Ranged Weapons
 + Level 4.3 Dodging
 + Level 4.4 Stealth


You had 5 spell levels left.
You didn't know any spells.
Your spell library contained the following spells:

 Spells                   Type           Power      Damage    Failure   Level
 Static Discharge         Conj/Air       0%         2-2/arc   63%         2
 Vhi's Electric Charge    Tloc/Air       0%         N/A       86%         3
 Arcjolt                  Conj/Air       0%         1d10      100%        5
 Plasma Beam              Fire/Air       0%         2x1d11    100%        5


Dungeon Overview and Level Annotations

Branches:
Dungeon (4/15)
 Temple: D:4-7

Altars:

Shops:
D:2 (   D:3 [

Annotations:
D:4 Eustachio


Innate Abilities, Weirdness & Mutations

You are small and have problems with some larger weapons.
You are completely attuned to the shadows.


Message History

The gnoll bouda is heavily wounded.
The gnoll bouda calls upon its god to heal the gnoll.
The gnoll is healed somewhat.
The gnoll barely misses you.
The gnoll bouda hits you with a +0 mace.
Fire: a) +0 shortbow
Press: ? - help, Shift-Dir - straight line, f/p - gnoll bouda
Aim: a gnoll bouda, wielding a +0 mace and wearing a +0 robe (heavily wounded, 69% to hit)
You shoot an arrow. The arrow hits the gnoll bouda.
The gnoll bouda is severely wounded.
The gnoll misses you. The gnoll bouda closely misses you.
Fire: a) +0 shortbow
Press: ? - help, Shift-Dir - straight line, f/p - gnoll bouda
Aim: a gnoll bouda, wielding a +0 mace and wearing a +0 robe (heavily wounded, 69% to hit)
You shoot an arrow. The arrow hits the gnoll bouda!
The gnoll bouda is almost dead.
The gnoll misses you.
The gnoll bouda gazes fiercely through you!
You feel your attacks grow feeble. The gnoll bouda barely misses you.
Fire: a) +0 shortbow
Press: ? - help, Shift-Dir - straight line, f/p - gnoll bouda
Aim: a gnoll bouda, wielding a +0 mace and wearing a +0 robe (almost dead, 69% to hit)
You shoot an arrow. The arrow hits the gnoll bouda.
You kill the gnoll bouda!
The gnoll completely misses you.
The gnoll hits you from afar with a +0 spear.
* * * LOW HITPOINT WARNING * * *
Fire: a) +0 shortbow
Press: ? - help, Shift-Dir - straight line, f - gnoll
Aim: a gnoll, wielding a +0 spear (lightly wounded, covering ground quickly, 69% to hit)
You shoot an arrow. The arrow closely misses the gnoll.
The gnoll hits you from afar with a +0 spear!
* * * LOW HITPOINT WARNING * * *
Fire: a) +0 shortbow
Press: ? - help, Shift-Dir - straight line, f/p - gnoll
Aim: a gnoll, wielding a +0 spear (lightly wounded, covering ground quickly, 69% to hit)
You shoot an arrow. The arrow hits the gnoll.
The gnoll is moderately wounded.
The gnoll hits you from afar with a +0 spear.
You die...

#.#.###.#
#.#.###.#
#.......#
###.#####
#.# # #.#
). #.#
.#.####.#
#..g)@..#
.#.######
#


You could see a gnoll (swift).

Vanquished Creatures
  An orc priest (D:3)
  An iguana (D:4)
  A gnoll bouda (D:3)
  2 gnolls
  9 adders
  2 worms (D:2)
  10 orcs
  5 bats
  An endoplasm (D:1)
  3 giant cockroaches
  9 goblins
  4 hobgoblins
  3 jackals (D:1)
  4 quokkas
  6 ball pythons
  4 frilled lizards
  3 kobolds
  4 rats
72 creatures vanquished.

Vanquished Creatures (others)
  19 plants (D:3)
19 creatures vanquished.

Grand Total: 91 creatures vanquished

Notes
Turn   | Place    | Note
-------+----------+-------------------------------------------
     0 | D:1      | hikkokomori the Kobold Hunter began the quest for the Orb.
     0 | D:1      | Reached XP level 1. HP: 12/12 MP: 1/1
    37 | D:1      | Reached XP level 2. HP: 10/18 MP: 2/2
   373 | D:1      | Found a faded altar of an unknown god.
   453 | D:1      | Reached XP level 3. HP: 22/22 MP: 3/3
   958 | D:2      | Found Buucvage's Weapon Emporium.
  1083 | D:2      | Reached XP level 4. HP: 25/27 MP: 4/4
  1395 | D:2      | Reached skill level 6 in Ranged Weapons
  1833 | D:4      | Reached XP level 5. HP: 13/32 MP: 5/5
  2390 | D:4      | Noticed Eustachio
  2511 | D:3      | Reached XP level 6. HP: 17/37 MP: 6/6
  2827 | D:3      | Found Ysunkug's Armour Emporium.
  3052 | D:3      | Slain by a gnoll

Illustrated notes

Levels and vault maps discovered:
D:1:      eino_arrival_druids_welcome, layout_basic,
          ebering_ecumenical_altar_petrified
D:2:      wander_river, layout_loops_cross, serial_shops,
          nicolae_shop_hallway_plus
D:3:      layout_loops_cross, minitemple, serial_shops, shop,
          nicolae_grassy_gnolls, uniq_robin
D:4:      layout_basic, minmay_ruined_shrine, uniq_eustachio

Skill      XL: |  1  2  3  4  5 |
---------------+----------------+-----
Stealth        | 2 3 4 |  4.4
Dodging        | 3 4 |  4.3
Fighting       | 3 |  3.9
Ranged Weapons | 6 |  6.6

Action                     |  1- 3 |  4- 6 || total
---------------------------+-------+-------++-------
   Fire: Shortbow          |    80 |   172 ||   252
    Use: Scroll            |       |     1 ||     1
 Armour: Leather armour    |     8 |    21 ||    29
  Dodge: Dodged            |    45 |   116 ||   161

Table legend: (Time is in decaauts)
 A = Elapsed time spent in this place.
 B = Non-inter-level travel time spent in this place.
 C = Inter-level travel time spent in this place.
 D = Time resting spent in this place.
 E = Time spent auto-exploring this place.
 F = Levels seen in this place.
 G = Mean time per level.
                   A        B        C        D        E       F      G
               +--------+--------+--------+--------+--------+-----+--------+
         Total |   3136 |   3060 |     76 |    160 |   2445 |   4 |  784.0 |
       Dungeon |   3136 |   3060 |     76 |    160 |   2445 |   4 |  784.0 |
               +--------+--------+--------+--------+--------+-----+--------+

Top non-repeatable levels by time:
     D:1: 944 daAuts
     D:2: 892 daAuts
     D:4: 689 daAuts
     D:3: 609 daAuts
